 Dungeon Crawl Stone Soup version 0.21-a0-88-g13b9641 (webtiles) character file.

350 MackTheKnife the Skirmisher (level 6, -2/44 HPs)
             Began as a Gargoyle Fighter on June 26, 2017.
             Was an Initiate of Okawaru.
             Killed by divine providence
             ... invoked by an orc priest
              (15 damage)
             ... on level 3 of the Dungeon.
             The game lasted 00:02:25 (1769 turns).

MackTheKnife the Skirmisher (Gargoyle Fighter)      Turns: 1769, Time: 00:02:26

Health: -2/44      AC: 11    Str: 19    XL:     6   Next: 60%
Magic:  15/15      EV:  7    Int:  9    God:    Okawaru [......]
Gold:   135        SH:  9    Dex: 11    Spells: 5/5 levels left

rFire    . . .     SeeInvis .   h - +1 dagger (elec)
rCold    . . .     Gourm    .   c - +0 shield
rNeg     + . .     Faith    .   b - +0 scale mail
rPois    ∞         Spirit   .   (no helmet)
rElec    +         Reflect  .   (no cloak)
rCorr    .         Harm     .   (no gloves)
MR       .....                  (no boots)
Stlth    ..........             (no amulet)
HPRegen  0.14/turn              i - ring of magical power {MP+9}
MPRegen  0.14/turn              (no ring)

@: no status effects
A: negative energy resistance 1, electricity resistance, unbreathing,
petrification resistance, rot immunity, AC +4
a: Renounce Religion


You were on level 3 of the Dungeon.
You worshipped Okawaru.
Okawaru was noncommittal.
You were not hungry.

You visited 1 branch of the dungeon, and saw 3 of its levels.

You collected 135 gold pieces.

Inventory:

Hand Weapons
 a - a +0 flail
 h - a +1 dagger of electrocution (weapon)
   (You took it off a goblin on level 1 of the Dungeon)
Armour
 b - a +0 scale mail (worn)
 c - a +0 shield (worn)
Jewellery
 i - a ring of magical power (left hand) {MP+9}
   (You found it on level 1 of the Dungeon)
Scrolls
 g - a scroll of blinking {unknown}
 j - 4 scrolls of identify {unknown}
 k - a scroll of amnesia {unknown}
 l - a scroll of immolation {unknown}
 o - a scroll of enchant weapon {unknown}
 p - a scroll of fear {unknown}
 r - a scroll of magic mapping {unknown}
 s - a scroll of fog {unknown}
Potions
 d - a potion of degeneration {unknown}
 e - a potion of agility {unknown}
 m - a potion of curing
 u - a potion of lignification {unknown}
Books
 q - a book of Minor Magic
   (You found it on level 2 of the Dungeon)
Comestibles
 f - 3 bread rations {@e1}
 n - 2 fruits
 t - 2 chunks of flesh {@w0}


   Skills:
 + Level 7.9 Fighting
 - Level 2.1 Maces & Flails
 - Level 3.2 Armour
 - Level 3.2 Shields


You had 5 spell levels left.
You didn't know any spells.

Dungeon Overview and Level Annotations

Branches:
Dungeon (3/15)

Altars:
Okawaru
Wu Jian


Innate Abilities, Weirdness & Mutations

You are resistant to torment.
Your stone body is resilient. (AC +4)
You are immune to poison.
You resist negative energy. (rN+)
You are resistant to electric shocks. (rElec)
You can survive without breathing.
You are immune to petrification.
You are immune to rotting.


Message History

The hobgoblin hits you but does no damage.
You block the adder's attack. You block the hobgoblin's attack.
You hit the hobgoblin. You block the adder's attack.
You block the hobgoblin's attack.
You hit the hobgoblin.
Lightning courses through the hobgoblin!
You kill the hobgoblin!
Okawaru accepts your kill. The adder barely misses you.
You hit the adder. The adder bites you. You block the adder's attack.
You take 3 damage, and have 41/44 hp.
You hit the adder. Lightning courses through the adder!
You kill the adder!
Okawaru accepts your kill.
No target in view!
u - a bubbling black potion
f - 3 bread rations {@e1} (gained 1)
A hobgoblin comes into view. It is wielding a club.
The hobgoblin shouts!
A rat comes into view.
There are monsters nearby!
Health restored: 44 The hobgoblin hits you but does no damage.
Your shield and scale mail prevent you from hitting the hobgoblin.
The hobgoblin hits you with a club.
You take 1 damage, and have 43/44 hp.
You hit the hobgoblin.
Lightning courses through the hobgoblin!
You kill the hobgoblin!
Okawaru accepts your kill. The rat bites you but does no damage.
You hit the rat. Lightning courses through the rat!
You kill the rat!
Okawaru accepts your kill.
Health restored: 44 No target in view!
Things that are here:
a club; a hobgoblin corpse You open the door.
There is an open door here.
Found a stone staircase leading up.
A bat comes into view.
You block the bat's attack.
You hit the bat but do no damage. The bat barely misses you.
The bat barely misses you. The bat hits you but does no damage.
You block the bat's attack.
You hit the bat but do no damage. You block the bat's attack.
The bat barely misses you.
You closely miss the bat. The bat closely misses you.
You block the bat's attack.
A bat is nearby!
You miss the bat. The bat barely misses you.
The bat hits you but does no damage.
Your shield and scale mail prevent you from hitting the bat.
The bat hits you but does no damage.
You hit the bat.
You kill the bat!
Okawaru accepts your kill.
An orc priest comes into view. It is wielding a flail.
The orc priest shouts!
An orc priest comes into view.
It is wielding a club. 3 orcs and an orc priest come into view.
The orc shouts! x2
The orc moves out of view.
There are monsters nearby!
Okay, then.
Unknown command.
It was a potion of curing.
You feel better.
You hit the orc but do no damage. The orc barely misses you.
You closely miss the orc. You hit the orc but do no damage.
Lightning courses through the orc!
You kill the orc!
Okawaru accepts your kill. The orc barely misses you.
You hit the orc priest. You block the orc priest's attack.
You block the orc's attack.
An orc comes into view.
The orc shouts!
You hit the orc priest.
The orc priest calls down the wrath of Beogh upon you.
Pain shoots through your body! You block the orc's attack.
You take 7 damage, and have 37/44 hp.
Your shield and scale mail prevent you from hitting the orc priest.
The orc priest closely misses you. You block the orc's attack.
The orc priest hits you but does no damage.
You hit the orc priest but do no damage.
The orc hits you but does no damage.
The orc priest calls down the wrath of Beogh upon you.
Beogh smites you!
The orc priest calls down the wrath of Beogh upon you.
Beogh smites you!
* * * LOW HITPOINT WARNING * * *
You take 25 damage, and have 13/44 hp.
MASSIVE DAMAGE!!
Okay, then.
You block the orc's attack.
The orc priest mumbles some strange prayers to Beogh against you.
Beogh smites you!
You die... #....(.# #.#.## #.# #......# #.#..# #.. #...o.. #.##.######.# .o... #.##..).....# oo.o

#.###.......' #..
...##.......#
#.#######..###......#
#####o#........# #......#
#..ooooo@...##.# #......#
....#####.##..##.#######...
## #.##........####.##
#.....##.##(#.....)
####.....##.#.##..†
##.##.##.#.##.##
#####.......#......
..........###.....##
#########.###.######


You could see 3 orc priests and 3 orcs.

Vanquished Creatures
  Sigmund (D:2)
  A crocodile (D:3)
  4 adders
  5 worms (D:2)
  A leopard gecko (D:1)
  An orc (D:3)
  3 giant cockroaches
  4 goblins
  8 hobgoblins
  4 jackals (D:2)
  5 kobolds
  A quokka (D:2)
  7 bats
  6 frilled lizards
  9 rats
60 creatures vanquished.

Notes
Turn   | Place    | Note
-------+----------+-------------------------------------------
     0 | D:1      | MackTheKnife the Gargoyle Fighter began the quest for the Orb.
     0 | D:1      | Reached XP level 1. HP: 14/14 MP: 1/1
   128 | D:1      | Reached XP level 2. HP: 20/20 MP: 2/2
   256 | D:1      | Reached skill level 4 in Fighting
   555 | D:1      | Reached XP level 3. HP: 24/24 MP: 3/3
   766 | D:2      | Found an ornate altar of the Wu Jian Council.
   899 | D:2      | Reached skill level 5 in Fighting
   909 | D:2      | Noticed Sigmund
   918 | D:2      | Killed Sigmund
   918 | D:2      | Reached skill level 7 in Fighting
   918 | D:2      | Reached XP level 4. HP: 34/34 MP: 4/4
   918 | D:2      | Reached XP level 5. HP: 38/38 MP: 5/5
   918 | D:2      | Reached XP level 6. HP: 44/44 MP: 6/6
   980 | D:2      | Found an iron altar of Okawaru.
   998 | D:2      | Became a worshipper of Warmaster Okawaru
  1277 | D:3      | HP: 9/44 [adder (3)]
  1769 | D:3      | Killed from afar by an orc priest

Vault maps used:
D:1:      lemuel_arrival_hallway
D:2:      overflow_temple_1_default, okawaru_gym_becter, uniq_sigmund
D:3:      first_bread, uniq_terence

Skill      XL: |  1  2  3 |
---------------+----------+-----
Fighting       | 4 7 |  7.9
Maces & Flails | |  2.1
Armour         | |  3.2
Shields        | |  3.2

Action                   |  1- 3 |  4- 6 || total
-------------------------+-------+-------++-------
Melee: Dagger            |   128 |   108 ||   236
       Flail             |     8 |       ||     8
  Use: Potion            |     1 |     1 ||     2
  Eat: Chunk             |       |     3 ||     3
Armor: Scale mail        |    69 |    39 ||   108
Dodge: Dodged            |    50 |    35 ||    85
Block: Shield            |    71 |    51 ||   122

Vault maps used:
D:1:      lemuel_arrival_hallway
D:2:      overflow_temple_1_default, okawaru_gym_becter, uniq_sigmund
D:3:      first_bread, uniq_terence

Table legend:
 A = Turns spent in this place as a percentage of turns spent in the entire game.
 B = Non-inter-level travel turns spent in this place as a percentage of non-inter-level travel turns spent in the entire game.
 C = Inter-level travel turns spent in this place as a percentage of turns spent in this place.
 D = Turns resting spent in this place as a percentage of non-inter-level travel turns spent in this place.
 E = Turns spent auto-exploring this place as a percentage of non-inter-level travel turns spent in this place.
 F = Non-inter-level travel turns spent in this place divided by the number of levels of this place that you've seen.
                   A       B       C       D       E      F
               +-------+-------+-------+-------+-------+----------------------
         Total | 100.0 | 100.0 |   0.3 |   1.0 |  12.2 | 208.3
       Dungeon | 100.0 | 100.0 |   0.3 |   1.0 |  12.2 | 208.3
               +-------+-------+-------+-------+-------+----------------------

Table legend:
 A = Kills in this place as a percentage of kills in entire the game.
 B = Kills by you in this place as a percentage of kills by you in the entire game.
 C = Kills by friends in this place as a percentage of kills by friends in the entire game.
 D = Other kills in this place as a percentage of other kills in the entire game.
 E = Experience gained in this place as a percentage of experience gained in the entire game.
 F = Experience gained in this place divided by the number of levels of this place that you have seen.
                   A       B       C       D       E      F
               +-------+-------+-------+-------+-------+----------------------
         Total | 100.0 | 100.0 |  -nan |  -nan | 100.0 | 166.7
       Dungeon | 100.0 | 100.0 |  -nan |  -nan | 100.0 | 166.7
               +-------+-------+-------+-------+-------+----------------------
